[Event "Early-Titled-Tuesday-Blitz-June-18-2024"]
[Site "Chess.com"]
[Date "2024.06.18"]
[Round "5"]
[White "DominguezOnYoutube"]
[Black "Anton_Demchenko"]
[Result "1/2-1/2"]
[WhiteElo "2914"]
[BlackElo "2985"]
[TimeControl "180+1"]
[EndTime "8:59:00 PDT"]
[Termination "Game drawn - insufficient material"]

1. e4 e6 2. d4 d5 3. Nc3 Nc6 4. Nf3 Nf6 5. e5 Ne4 6. Ne2 f6 7. Ng3 fxe5 8. Bb5 Bd7 9. Bxc6 Bxc6 10. Nxe4 dxe4 11. Nxe5 Qh4 12. Nxc6 bxc6 13. Be3 Rb8 14. O-O Bd6 15. h3 Rxb2 16. Rb1 Rb6 17. c4 O-O 18. c5 Rxb1 19. Qxb1 Bf4 20. Qb3 Qh6 21. Re1 Bxe3 22. Rxe3 Qf6 23. Qb2 Qf5 24. Qe2 e5 25. Rxe4 exd4 26. Qc4+ Kh8 27. Qxd4 Qf7 28.
a4 h6 29. Qe3 Qd7 30. Re7 Qd1+ 31. Kh2 Qxa4 32. Qg3 Qf4 33. Rxg7 Qxg3+ 34. Rxg3 a5 35. Rg6 Ra8 36. Rxh6+ Kg8 37. Rxc6 a4 38. Re6 a3 39. Re1 a2 40. Ra1 Kf7 41. h4 Ke6 42. h5 Rh8 43. g4 Ra8 44. Kg3 Ra3+ 45. Kh4 Ra4 46. f3 Kf6 47. Kg3 Kg5 48. c6 Ra3 49. Kg2 Ra4 50.
Kf2 Ra3 51. Kg2 Ra4 52. Kf2 Ra3 53. Ke2 Ra4 54. Kd2 Ra3 55. Kc2 Rxf3 56. Kb2 Rf6 57. Rh1 Rxc6 58. Kxa2 Rh6 59. Kb3 Kxg4 60. Kc4 Rxh5 61.
Rxh5 Kxh5 62. Kc5 Kg4 63. Kc6 Kf4 64. Kxc7 1/2-1/2

[Event "Early-Titled-Tuesday-Blitz-June-18-2024"]
[Site "Chess.com"]
[Date "2024.06.18"]
[Round "5"]
[White "Rile-Man"]
[Black "BirdMaster3000"]
[Result "1-0"]
[WhiteElo "2537"]
[BlackElo "2764"]
[TimeControl "180+1"]
[EndTime "8:59:01 PDT"]
[Termination "Rile-Man won by checkmate"]

1. d4 f5 2. Bf4 Nf6 3. e3 d6 4. c4 g6 5. h4 Bg7 6. h5 Nxh5 7. Rxh5 gxh5 8. Qxh5+ Kf8 9. Nf3 Qe8 10. Qh4 Qg6 11.
Nc3 Nc6 12. Nd5 e5 13. dxe5 dxe5 14. Nxe5 Qe6 15. Nxc7 Qd6 16. Nxc6 Qxc6 17. Nxa8 Bxb2 18. Rd1 Bc3+ 19. Ke2 Bd7 20. Qh6+ Kf7 21. Qxc6 Bxc6 22. Nc7 h5 23. Nb5 Bg7 24. Nxa7 Ba4 25. Rd5 Kg6 26. Nb5 Rc8 27. Kd2 Bf8 28. Bd3 Bb4+ 29. Ke2 Rf8 30.
Bd6 Bxd6 31. Rxd6+ Kg7 32. Kf3 f4 33. exf4 Bd1+ 34.
Be2 Bc2 35. Rd7+ Kh6 36. Bd3 Bxd3 37. Rxd3 Rc8 38. Nd6 Rc6 39. Ke4 Ra6 40. Ke5 h4 41. Rh3 Kh5 42. g3 Kg4 43. Rxh4+ Kf3 44. Nxb7 Rxa2 45.
Rh2 Re2+ 46. Kd5 Rd2+ 47. Kc6 Ra2 48. c5 Ra6+ 49. Kb5 Rg6 50. c6 Rf6 51. c7 Rf5+ 52. Kc6 Rf6+ 53. Nd6 Rg6 54. c8=Q Re6 55. Qb7 Kg4 56.
Rh4+ Kf3 57. Kd7+ Kxf2 58. Kxe6 Kxg3 59. Qb3+ Kxh4 60. Qe3 Kg4 61. f5 Kh5 62. Qg3 Kh6 63. Qg6# 1-0

[Event "Early-Titled-Tuesday-Blitz-June-18-2024"]
[Site "Chess.com"]
[Date "2024.06.18"]
[Round "5"]
[White "ilqar_74"]
[Black "KubaGepard"]
[Result "0-1"]
[WhiteElo "2833"]
[BlackElo "2627"]
[TimeControl "180+1"]
[EndTime "8:59:01 PDT"]
[Termination "KubaGepard won by resignation"]

1. e4 e5 2. Nf3 Nc6 3. Bb5 a6 4.
Ba4 Nf6 5. O-O Be7 6. c3 Nxe4 7. Re1 Nc5 8. Bxc6 dxc6 9. Nxe5 Nd3 10. Nxd3 Qxd3 11.
Qe2 Qxe2 12. Rxe2 Be6 13. d4 O-O-O 14. Be3 c5 15. Nd2 cxd4 16. Bxd4 Rhg8 17. Ne4 g6 18. a3 Rd5 19. Bf6 Bc5 20. Nxc5 Rxc5 21. Rae1 Rf5 22. Bd4 Rd8 23. h3 Rfd5 24. Bf6 R8d6 25.
Be5 Rd7 26. Bd4 c5 27. Be3 Kc7 28. b4 Rd3 29. Rc2 c4 30. Bd4 Bf5 31. Rce2 Be6 32. a4 Kc6 33. Re5 Rd5 34. Rxd5 Kxd5 35. Re5+ Kd6 36.
a5 Bd5 37. Re8 h5 38. Rd8+ Ke6 39. Rc8 Bc6 40. Kf1 Rd2 41. Rd8 Rd1+ 42. Ke2 Rd3 43. f3 Ke7 44. Rc8 Kd7 45. Rf8 Ke6 46. Rb8 Kd7 47. Rh8 Ke7 48. h4 Bb5 49. Bc5+ Ke6 50. Bd4 Bc6 51. Rd8 Ke7 52. Rg8 Ke6 53. Kf2 Rd2+ 54.
Kg1 Rxd4 55. cxd4 c3 56. d5+ Kxd5 57. Rd8+ Kc4 58. Rd1 c2 0-1

[Event "Early-Titled-Tuesday-Blitz-June-18-2024"]
[Site "Chess.com"]
[Date "2024.06.18"]
[Round "5"]
[White "Gnechko_Ruslan"]
[Black "JAN2404"]
[Result "1-0"]
[WhiteElo "2545"]
[BlackElo "2051"]
[TimeControl "180+1"]
[EndTime "8:59:01 PDT"]
[Termination "Gnechko_Ruslan won on time"]

1. e4 c5 2. Nf3 d6 3. d4 cxd4 4. Nxd4 Nf6 5. Nc3 Nc6 6. Nd5 Nxd5 7. exd5 Qa5+ 8. Bd2 Qxd5 9. Nb5 Qe6+ 10. Be2 Qd7 11. c4 g6 12. Bc3 f6 13. O-O a6 14.
Na3 Bg7 15. Qb3 Qc7 16. Rad1 Be6 17. Rfe1 O-O 18. Bf3 Bf7 19. Bd5 Ne5 20. Qxb7 Qxb7 21. Bxb7 Ra7 22. Bd5 Rc8 23. b3 e6 24. Be4 d5 25. Bd4 Rac7 26. cxd5 exd5 27. Bxe5 fxe5 28. Bxd5 Bxd5 29. Rxd5 Rc1 30. Kf1 Rxe1+ 31. Kxe1 Rc1+ 32. Ke2 Ra1 33. Rd2 Bh6 34. Rc2 Rh1 35. Nc4 e4 36.
h3 Rg1 37. g3 Rg2 38. h4 Kf7 39. Ne3 Rg1 40. Rc7+ Kg8 41. Rc6 a5 42. Re6 Ra1 43.
Rxe4 Rxa2+ 44. Kf3 Rb2 45. Ng4 Rxb3+ 46. Kg2 Bg7 47.
Re8+ Kf7 48. Ra8 Rb4 49. Ra7+ Kf8 50. Ne3 Ra4 51. Nd5 Ra1 52. f4 Ra2+ 53. Kf3 Bd4 54.
Rxh7 a4 55. Rb7 a3 56. Rb8+ Kf7 57. Ra8 Ra1 58. Ke4 Bb2 59. Nb4 Bc3 60. Nd5 Bb2 61.
Ra7+ 1-0

[Event "Early-Titled-Tuesday-Blitz-June-18-2024"]
[Site "Chess.com"]
[Date "2024.06.18"]
[Round "5"]
[White "IlanSchnaider"]
[Black "FairChess_on_YouTube"]
[Result "0-1"]
[WhiteElo "2835"]
[BlackElo "3122"]
[TimeControl "180+1"]
[EndTime "8:59:03 PDT"]
[Termination "FairChess_on_YouTube won on time"]

1. e4 c5 2. Nf3 Nc6 3. Bb5 Nf6 4. Nc3 g6 5. O-O Bg7 6. Re1 O-O 7. Bf1 d5 8. exd5 Nxd5 9. h3 b6 10. Bc4 Nc7 11.
d3 Na5 12. Bg5 Nxc4 13. dxc4 Ne6 14. Nd5 Nxg5 15. Nxe7+ Kh8 16. Nxg5 Qxd1 17. Raxd1 Bf6 18. Nf3 Bxb2 19. Nxc8 Raxc8 20. Rd7 Kg8 21. Rxa7 Ra8 22. Rb7 Rxa2 23. Rxb6 Bc3 24. Re2 Ra4 25. Ne5 Re8 26. f4 Rxc4 27. Nxc4 Rxe2 28. Nd6 Rxc2 29. Rb8+ Kg7 30.
Rb7 Kf6 31. Ne4+ Kf5 32. Nxc3 Rxc3 33. Rxf7+ Ke4 34. Rxh7 Kxf4 35. Kh2 c4 36. Rc7 Rc2 37. Rc6 Kf5 38. Rc5+ Ke4 39. Rc6 c3 40. Rxg6 Rb2 41.
Rc6 Kd3 42. h4 c2 43. Rd6+ Ke2 44. Rc6 Kd2 45. Rd6+ Ke3 46. Rc6 Kd3 47. h5 Rb4 48. Kh3 Rc4 49. Rd6+ Kc3 50. h6 c1=Q 51. h7 Qh1+ 52.
Kg3 Qxh7 53. Rd5 Qg8+ 54. Rg5 Qxg5+ 55. Kh2 Rg4 56. Kg1 Rxg2+ 57. Kh1 Rg1+ 0-1

[Event "Early-Titled-Tuesday-Blitz-June-18-2024"]
[Site "Chess.com"]
[Date "2024.06.18"]
[Round "5"]
[White "koncheto"]
[Black "Rosh1610"]
[Result "0-1"]
[WhiteElo "2628"]
[BlackElo "2481"]
[TimeControl "180+1"]
[EndTime "8:59:03 PDT"]
[Termination "Rosh1610 won on time"]

1. e4 c5 2. Nf3 d6 3. d4 cxd4 4.
Nxd4 Nf6 5. f3 e6 6. c4 Be7 7. Nc3 Bd7 8. Be2 Nc6 9. Be3 O-O 10. O-O Rc8 11. Rc1 a6 12. Qd2 Nxd4 13. Bxd4 Bc6 14.
Rfd1 Nd7 15. Be3 Ne5 16. f4 Nd7 17. b4 Nf6 18. Bf3 b5 19. e5 dxe5 20. fxe5 Bxf3 21. exf6 Bxd1 22. fxe7 Qxe7 23. Rxd1 Rxc4 24. Bc5 Rxc5 25. bxc5 Qxc5+ 26. Kh1 h6 27. h3 Rc8 28. Ne4 Qe5 29. Re1 Qc7 30. Qe2 f5 31. Nf2 Re8 32. Nd3 Qd6 33. Ne5 Rc8 34. Qh5 Qe7 35. Qg6 Qf6 36. Qg3 Kh7 37. Qa3 Qh4 38. Rf1 Qe4 39. Qd6 Rc2 40.
Rg1 Re2 41. Nd7 Re3 42. Kh2 Rd3 43. Qe7 Qf4+ 44. Kh1 Qg5 45. Nf8+ Kg8 46. Qe8 Rd8 47. Qxe6+ Kxf8 48. Qxa6 g6 49. Qxb5 Re8 50. Qb4+ Qe7 51. Qb6 Kg7 52. Qf2 Qe6 53. Ra1 Re7 54. a4 Qe5 55.
Qa2 Rb7 56. a5 Rb2 57. Qc4 Rxg2 0-1

[Event "Early-Titled-Tuesday-Blitz-June-18-2024"]
[Site "Chess.com"]
[Date "2024.06.18"]
[Round "5"]
[White "Juicy_Fork"]
[Black "tetrix83"]
[Result "0-1"]
[WhiteElo "2423"]
[BlackElo "2683"]
[TimeControl "180+1"]
[EndTime "8:59:06 PDT"]
[Termination "tetrix83 won by resignation"]

1. e4 c5 2. Nf3 d6 3. d4 cxd4 4.
Nxd4 Nf6 5. Nc3 a6 6. Bd3 e6 7. f4 Nbd7 8. Qe2 Qc7 9. Bd2 b5 10. a3 Bb7 11. g4 Nc5 12. g5 Nfd7 13. b4 Nxd3+ 14. cxd3 Be7 15. Rc1 Qd8 16. h4 O-O 17.
h5 Re8 18. g6 Bf6 19. gxf7+ Kxf7 20. Nf3 Kg8 21. Nh2 Bh4+ 22. Kd1 Rc8 23. Qg4 Bf6 24. Nf3 h6 25. Rg1 Qe7 26. f5 exf5 27. Qxf5 Kh8 28. Nh2 Rf8 29. Qh3 Ne5 30. Ng4 Nxg4 31. Qxg4 Bd4 32.
Re1 Qe5 33. Ne2 Bf2 34. Rf1 Rxc1+ 35. Bxc1 Qe7 36. Nf4 Rxf4 37. Qxf4 Bd4 38. Qf8+ Qxf8 39. Rxf8+ Kh7 40. Rf7 Bc8 41. Kc2 Bg4 42. Bb2 Bxb2 43. Kxb2 Bxh5 44. Rd7 Bf3 45. Rxd6 h5 46. Rd8 h4 47. Rf8 Bg2 48. Rf4 g5 49. Rf5 Kg6 50. Rf8 Kg7 51. Rf5 Kg6 52. Rf8 h3 53. Rh8 g4 54. e5 Kf5 55. d4 g3 56. Rh5+ Kg6 57.
Rh8 h2 58. e6 Bc6 59. e7 Kf7 60. Rh7+ Ke8 61. Rh6 h1=Q 62. Rxh1 Bxh1 0-1

[Event "Early-Titled-Tuesday-Blitz-June-18-2024"]
[Site "Chess.com"]
[Date "2024.06.18"]
[Round "5"]
[White "maracayo"]
[Black "InadaC"]
[Result "1-0"]
[WhiteElo "2412"]
[BlackElo "2242"]
[TimeControl "180+1"]
[EndTime "8:59:06 PDT"]
[Termination "maracayo won by resignation"]

1. e4 e6 2. Nf3 d5 3. d3 dxe4 4. dxe4 Qxd1+ 5. Kxd1 Bc5 6. Ke1 Nf6 7. Bd3 Nc6 8. c3 O-O 9. h3 Rd8 10. Bc2 e5 11.
Ke2 Be6 12. Nbd2 h6 13. b4 Bd6 14. Bb3 Bd7 15. Re1 a5 16. b5 Ne7 17. a4 c6 18. Nc4 Be6 19. Nfd2 cxb5 20. axb5 Ng6 21. Nxd6 Nf4+ 22. Kf1 Rxd6 23. Bxe6 Rxe6 24. Nc4 a4 25.
Bxf4 exf4 26. f3 Rc8 27. Rxa4 Nh5 28. Rc1 Ng3+ 29. Kf2 f5 30. e5 Rd8 31. Ra2 Rc8 32.
Na5 b6 33. Nc6 g5 34. c4 g4 35. Ra7 Kh8 36. hxg4 fxg4 37. fxg4 Ne4+ 38. Kf3 Ng5+ 39. Kxf4 Rf8+ 40. Ke3 Rfe8 41. Rh1 Rf8 42. Rh5 Rg6 43. Kd4 Rf4+ 44. Kc3 Rxg4 45. Rb7 Rxg2 46. Rxb6 Rg3+ 47.
Kb4 Ne4 48. c5 R3g4 49. Nd4 Rxb6 50. cxb6 Nd2 51. Ka5 Rxd4 52. Ka6 Rd8 53. b7 Nc4 54. Rxh6+ Kg7 55. Rc6 Nxe5 56. Rc8 Rd6+ 57. Ka7 Nd7 58. Rc7 Kf6 59. Rxd7 Rxd7 60. Ka8 Rd5 61. b8=Q Ke6 62. Qg8+ Kd6 63. Qxd5+ Kxd5 64. b6 Kc6 65. b7 Kb6 66. b8=Q+ Ka6 67. Qb2 1-0

[Event "Early-Titled-Tuesday-Blitz-June-18-2024"]
[Site "Chess.com"]
[Date "2024.06.18"]
[Round "5"]
[White "chezzgirl04"]
[Black "Defend1r"]
[Result "0-1"]
[WhiteElo "2226"]
[BlackElo "2549"]
[TimeControl "180+1"]
[EndTime "8:59:07 PDT"]
[Termination "Defend1r won on time"]

1. e4 e6 2. d4 d5 3. exd5 exd5 4. Nf3 h6 5. Bd3 Bd6 6. O-O Ne7 7. b3 O-O 8. c4 c6 9. c5 Bc7 10. Ne5 Nd7 11. f4 Nf6 12. Nc3 Bf5 13. h3 Ne4 14. Qc2 f6 15. Nf3 Nxc3 16. Bxf5 Nxf5 17. Qxf5 Ne4 18. Qe6+ Kh8 19. Nh4 Qe8 20. Qg4 Rf7 21. Ng6+ Kg8 22. f5 Ng3 23. Bf4 Bxf4 24. Nxf4 Nxf1 25.
Rxf1 Qe3+ 26. Kh1 Qxd4 27. Qg6 Re8 28. Ne6 Qd3 29. Rf3 Qb1+ 30. Kh2 Rxe6 31. Rg3 Re1 32. Rf3 Rh1+ 33. Kg3 Qe1+ 34. Kg4 Qe4+ 35. Kg3 Re7 36. Qh5 Qe1+ 37. Kg4 Re4+ 38. Rf4 Qe2+ 39. Kg3 Qxh5 40. Rxe4 dxe4 41. Kf4 Rf1+ 42. Kxe4 Qxf5+ 43. Kd4 Qd5+ 44. Kc3 Ra1 45. Kb2 Rg1 46. Ka3 Rxg2 47. Kb4 Qd3 48. a4 Qd4+ 49. Ka5 Rb2 50. b4 Ra2 51. b5 Qxc5 52.
h4 Qb6+ 53. Kb4 c5+ 54. Kb3 Rh2 55. h5 Qd6 0-1

[Event "Early-Titled-Tuesday-Blitz-June-18-2024"]
[Site "Chess.com"]
[Date "2024.06.18"]
[Round "5"]
[White "Barboval"]
[Black "GMAneta"]
[Result "1-0"]
[WhiteElo "2533"]
[BlackElo "2359"]
[TimeControl "180+1"]
[EndTime "8:59:07 PDT"]
[Termination "Barboval won on time"]

1. d4 Nf6 2. Bg5 e6 3. e4 h6 4. Bxf6 Qxf6 5. c3 d5 6. Bd3 dxe4 7. Bxe4 c5 8. Nf3 Nc6 9. O-O Bd7 10. Na3 a6 11. Nc4 cxd4 12. Nb6 Rd8 13. Nxd7 Rxd7 14. Bxc6 bxc6 15. cxd4 Qf5 16. Rc1 Rc7 17. Qa4 Qb5 18.
Qxb5 axb5 19. Ne5 c5 20. dxc5 Bxc5 21. Nd3 Bd6 22. Rxc7 Bxc7 23. Rc1 Kd7 24. Nc5+ Kd6 25. Ne4+ Kd7 26. Nc5+ Kd6 27. Ne4+ Kd7 28. Rd1+ Kc6 29. Rc1+ Kb6 30. a3 Rd8 31. g3 Rd4 32. Nc3 Rd2 33.
Nxb5 Be5 34. Nc3 Bd4 35. Rf1 Kc6 36. Nd1 Kb5 37. Kg2 Kc4 38. b4 Kb3 39. Kf3 Kxa3 40.
b5 Kb4 41. b6 Bxb6 42. Ne3 Kc3 43. Rc1+ Kd3 44. Rc6 Ba5 45. Ra6 Ra2 46. Rd6+ Kc3 47. Rd7 f5 48. Rxg7 Bb6 49. Rg6 Bxe3 50. Kxe3 e5 51. Rxh6 f4+ 52. gxf4 exf4+ 53. Kf3 Kd4 54. Re6 Kd5 55. Re8 Kd4 56. h4 Kd5 57. h5 Kd4 58. h6 Ra6 59. h7 1-0

[Event "Early-Titled-Tuesday-Blitz-June-18-2024"]
[Site "Chess.com"]
[Date "2024.06.18"]
[Round "5"]
[White "Keeper0416"]
[Black "Karateloru"]
[Result "0-1"]
[WhiteElo "2555"]
[BlackElo "2785"]
[TimeControl "180+1"]
[EndTime "8:59:08 PDT"]
[Termination "Karateloru won on time"]

1. d4 Nf6 2. Bf4 e6 3. Nc3 Bb4 4. a3 Bxc3+ 5. bxc3 b6 6. Nf3 Bb7 7. g3 d6 8. Bg2 Nbd7 9. O-O O-O 10. Bc1 Qe7 11. c4 c5 12. c3 Rac8 13. Nd2 Bxg2 14. Kxg2 Nb8 15. Bb2 Nc6 16. e3 Na5 17. Qe2 Qb7+ 18.
f3 Qa6 19. Rfc1 d5 20. e4 Nxc4 21. Nxc4 Qxc4 22. Qxc4 dxc4 23. a4 Rfd8 24. Kf2 a6 25.
Ke2 Nd7 26. Ke3 Nb8 27. Rab1 Nc6 28. Ba1 Rb8 29. Bb2 Na5 30. Rd1 Nb3 31. Ba3 cxd4+ 32.
cxd4 b5 33. axb5 axb5 34. Bb4 Ra8 35. d5 exd5 36. exd5 f6 37. Be7 Rd7 38. d6 Kf7 39. Rd5 Rb8 40. f4 Ke6 41. Ke4 f5+ 42. Rxf5 Nd2+ 43.
Ke3 Nxb1 44. g4 Rxe7 45. dxe7 Kxe7 46. Re5+ Kd6 47. Kd4 c3 48. Kd3 b4 49. Kc2 Na3+ 50.
Kb3 c2 51. Re1 Rc8 52. Rc1 Rc4 53. h3 Kc5 54. Ka4 Nb5 55. f5 Nd4 56. g5 Rc3 57.
Ra1 c1=Q 58. Rxc1 Rxc1 0-1

[Event "Early-Titled-Tuesday-Blitz-June-18-2024"]
[Site "Chess.com"]
[Date "2024.06.18"]
[Round "5"]
[White "Losingexperience"]
[Black "CristhianPortalR"]
[Result "1-0"]
[WhiteElo "2772"]
[BlackElo "2504"]
[TimeControl "180+1"]
[EndTime "8:59:08 PDT"]
[Termination "Losingexperience won by resignation"]

1. e4 c5 2. Nf3 d6 3. d4 cxd4 4. Qxd4 Nc6 5. Bb5 Bd7 6. Bxc6 Bxc6 7. Nc3 Nf6 8. Bg5 e6 9. O-O-O Be7 10. Bxf6 Bxf6 11. Qxd6 Qxd6 12. Rxd6 Bxc3 13. bxc3 Bxe4 14. Ne5 O-O 15. f3 Bf5 16. Rd7 Rab8 17. g4 Bg6 18.
Rhd1 Rfc8 19. Kb2 f6 20. Nxg6 hxg6 21. Re7 Re8 22. Rxe8+ Rxe8 23. Rd7 Rb8 24. c4 e5 25. Kc3 Kf8 26. Kb4 f5 27. g5 Re8 28. Rxb7 e4 29.
fxe4 fxe4 30. Kc3 e3 31. Rb1 Re5 32. h4 Re4 33. Re1 Ke7 34. Kd3 Rxh4 35. Rxe3+ Kd6 36.
Re8 Rg4 37. Rg8 Rxg5 38. Rxg7 a5 39. Ra7 Kc6 40. Ra6+ Kb7 41. Rf6 Rg3+ 42. Kd4 Rg2 43. Kc3 Rg3+ 44. Kb2 g5 45. c3 g4 46. Kb3 Rg1 47. Ka4 g3 48. Kxa5 Ra1 49. Rg6 Rxa2+ 50. Kb5 g2 51. Rg7+ Kc8 52. c5 Rc2 53. c4 Rf2 54. Kb6 Rb2+ 55. Kc6 Kd8 56. Rg8+ Ke7 57. Kc7 Rc2 58. c6 Rb2 59. Rg7+ Kf6 60. Rg3 Ke7 61. Kc8 Rc2 62. c7 Rb2 63. Rg7+ Kf6 64. Rg3 Ke7 65. Re3+ Kf7 66. Re1 Rf2 67. Rg1 Ke7 68. Kb7 Rb2+ 69. Kc6 Rc2 70. c8=Q Rxc4+ 71. Kb7 Rb4+ 72. Ka6 1-0

[Event "Early-Titled-Tuesday-Blitz-June-18-2024"]
[Site "Chess.com"]
[Date "2024.06.18"]
[Round "5"]
[White "klimkoj"]
[Black "dropstoneDP"]
[Result "0-1"]
[WhiteElo "2895"]
[BlackElo "2990"]
[TimeControl "180+1"]
[EndTime "8:59:11 PDT"]
[Termination "dropstoneDP won by checkmate"]

1. e4 e5 2. Nf3 Nf6 3. d3 Nc6 4. g3 Bc5 5. Bg2 d6 6. O-O O-O 7.
c3 h6 8. b4 Bb6 9. a4 a5 10.
b5 Ne7 11. c4 Ng6 12. Nc3 Re8 13. Be3 Bxe3 14. fxe3 c6 15. Qe2 Be6 16. d4 exd4 17.
exd4 Bg4 18. Qd3 c5 19. Nd2 Rc8 20. Rf2 cxd4 21. Qxd4 Be6 22. Nd1 Ng4 23. Re2 N6e5 24. h3 Nf6 25. Ne3 Nfd7 26. Qxd6 Qg5 27. Kh2 Nc5 28. h4 Ng4+ 29. Nxg4 Qxg4 30. Bf3 Qg6 31. Qf4 Nd3 32. Qe3 Ne5 33. Qf4 Nxc4 34. Nxc4 Rxc4 35. Bg2 Qg4 36. Qxg4 Bxg4 37. Rd2 b6 38. Rd6 Re6 39.
Rxe6 Bxe6 40. Rd1 Rxa4 41. Rd6 Rb4 42. Rxb6 g5 43. hxg5 hxg5 44. Rb8+ Kg7 45. b6 a4 46. b7 a3 47. Ra8 Rxb7 48. Rxa3 Rb2 49. Kg1 Kf6 50.
Ra5 Re2 51. Bf3 Rd2 52. Ra1 g4 53. Bg2 Ke5 54. Rf1 Rd3 55. Re1 Rxg3 56. Kf2 Ra3 57. Re3 Rxe3 58. Kxe3 Bc4 59. Bh1 Ba6 60. Bg2 Bb7 61. Bh1 f5 62. Bg2 Bxe4 63. Bf1 f4+ 64. Kf2 g3+ 65. Kg1 f3 66. Ba6 Kf4 67. Bc4 Ke3 68. Ba6 f2+ 69. Kf1 g2# 0-1

[Event "Early-Titled-Tuesday-Blitz-June-18-2024"]
[Site "Chess.com"]
[Date "2024.06.18"]
[Round "5"]
[White "Aryan_Tamadon"]
[Black "EdenDzung06"]
[Result "0-1"]
[WhiteElo "2673"]
[BlackElo "2446"]
[TimeControl "180+1"]
[EndTime "8:59:11 PDT"]
[Termination "EdenDzung06 won on time"]

1. b3 b6 2. Bb2 Bb7 3. Nf3 Nf6 4. g3 g6 5. Bg2 Bg7 6. O-O O-O 7. d4 d6 8. c4 Nbd7 9. Nc3 Ne4 10. Nd5 e6 11. Ne3 f5 12. Qc2 Qe7 13. Rad1 Rae8 14. b4 e5 15. d5 Nef6 16. c5 bxc5 17. bxc5 Nxc5 18. Nc4 Bxd5 19. Rxd5 Nxd5 20. Nfxe5 Nb4 21.
Qd2 Bxe5 22. Nxe5 dxe5 23. Qxb4 Ne6 24. Qa5 Nd4 25. e3 Rb8 26. Ba3 Ne2+ 27. Kh1 c5 28.
Bxc5 Qd8 29. Qe1 Rb2 30. Bxf8 Qxf8 31. Bd5+ Kg7 32. Qa5 Qb8 33. Kg2 f4 34. exf4 exf4 35. Bf3 fxg3 36. hxg3 Nxg3 37. Qc3+ Kh6 38. Re1 Nf5 39.
Rh1+ Kg5 40. Qc1+ Kf6 41. Qc3+ Qe5 42. Qc6+ Qe6 43. Qc3+ Qe5 44. Qc6+ Kg7 45. Rd1 Nh4+ 46. Kh3 Nxf3 47. Rd7+ Kh6 48. Qc1+ Ng5+ 49. Kh4 Qe4+ 50.
f4 Rh2+ 0-1

[Event "Early-Titled-Tuesday-Blitz-June-18-2024"]
[Site "Chess.com"]
[Date "2024.06.18"]
[Round "5"]
[White "jaskol95"]
[Black "sokidze"]
[Result "1-0"]
[WhiteElo "2620"]
[BlackElo "2773"]
[TimeControl "180+1"]
[EndTime "8:59:14 PDT"]
[Termination "jaskol95 won by resignation"]

1. e4 c5 2. Nf3 Nc6 3. b4 cxb4 4.
d4 d5 5. exd5 Qxd5 6. c4 Qe4+ 7.
Be3 Bg4 8. Bd3 Bxf3 9. gxf3 Qh4 10. d5 Ne5 11. Qa4+ Nd7 12. Nd2 Nf6 13. Ne4 Nxe4 14.
fxe4 Qf6 15. O-O g6 16. c5 Bg7 17. c6 bxc6 18. dxc6 O-O 19. cxd7 Qf3 20. Rfd1 Bxa1 21. Rxa1 Rfd8 22. Bb5 Qg4+ 23. Kf1 Qh3+ 24. Ke1 Qxh2 25.
Rd1 Qh1+ 26. Ke2 Qxe4 27. Rd4 Qe5 28. Bc6 Rab8 29. Qxa7 b3 30. axb3 Rxb3 31. Rd2 Rbb8 32. Qd4 Qh5+ 33. Bf3 Qb5+ 34. Ke1 Qb1+ 35. Rd1 Qb5 36.
Be2 Qf5 37. Bh6 Qa5+ 38. Kf1 e5 39. Qh4 Qb6 40. Be3 Qe6 41. Bg5 Rxd7 42. Re1 Re8 43. Bf6 g5 44. Qh6 Qxf6 45. Qxf6 Re6 46. Qxg5+ Rg6 47. Qxe5 Re6 48. Qg5+ Rg6 49. Qf5 Rdd6 50.
Bf3 Rdf6 51. Qe4 Kg7 52. Bg2 Re6 53. Qd4+ Ref6 54. Re3 Kg8 55. Rg3 Kg7 56. Rxg6+ Kxg6 57. Qg4+ Kh6 58. Be4 Re6 59. Qh4+ Kg7 60. Qxh7+ Kf6 61. Qf5+ Ke7 62. Qxe6+ Kxe6 63. Ke2 Ke5 64. Ke3 f5 65.
f4+ Kf6 66. Bf3 1-0

[Event "Early-Titled-Tuesday-Blitz-June-18-2024"]
[Site "Chess.com"]
[Date "2024.06.18"]
[Round "5"]
[White "LastGladiator1"]
[Black "aa175"]
[Result "1/2-1/2"]
[WhiteElo "2977"]
[BlackElo "2858"]
[TimeControl "180+1"]
[EndTime "8:59:15 PDT"]
[Termination "Game drawn by stalemate"]

1. c4 e5 2. Nc3 Nf6 3. Nf3 e4 4. Ng5 c6 5. Qa4 Qe7 6. Qc2 d5 7. cxd5 Bf5 8. d6 Qd7 9. Ngxe4 Nxe4 10. Nxe4 Qe6 11. f3 Nd7 12. d3 Bxe4 13. dxe4 Bxd6 14. Bd2 O-O-O 15. e3 Nb6 16. a4 Qe7 17. Qb3 Qh4+ 18. Ke2 Be5 19. Be1 Qf6 20. f4 Bxb2 21. e5 Bxe5 22.
fxe5 Qxe5 23. Rb1 Rhe8 24. a5 Rd5 25. axb6 Rb5 26. bxa7 Rxb3 27. a8=Q+ Kd7 28. Rd1+ Ke7 29. Qa7 Qh5+ 30. Kf2 Qxd1 31. Be2 Qd6 32. Qa4 Ra3 33. Qe4+ Kd7 34. Qf5+ Qe6 35. Qxe6+ Rxe6 36. Bg4 Rxe3 37. Bd2 Re4 38. Bxe6+ Kxe6 39. Rc1 Kd5 40. Be3 b5 41. Rc5+ Kd6 42. Rf5 f6 43. Kf3 Rc4 44. g4 b4 45. Ra5 c5 46. Rb5 Kc6 47. Rb8 Kd5 48. h3 Rc3 49. Ke2 b3 50. h4 Rc2+ 51. Bd2 c4 52. Kd1 Ke4 53. g5 fxg5 54. hxg5 Kf5 55. Rf8+ Kg6 56. Rc8 h5 57. gxh6 gxh6 58. Rc6+ Kf5 59. Rxh6 Ke4 60. Rh4+ Kd3 61. Rh3+ Kd4 62.
Bh6 c3 63. Bg7+ Kc4 64. Bxc3 Rxc3 65. Rxc3+ Kxc3 66. Kc1 b2+ 67. Kb1 Kb3 1/2-1/2

[Event "Early-Titled-Tuesday-Blitz-June-18-2024"]
[Site "Chess.com"]
[Date "2024.06.18"]
[Round "5"]
[White "ChessLover0108"]
[Black "Korona_91"]
[Result "1-0"]
[WhiteElo "2912"]
[BlackElo "2679"]
[TimeControl "180+1"]
[EndTime "8:59:16 PDT"]
[Termination "ChessLover0108 won by resignation"]

1. d4 Nf6 2. c4 e6 3. Nf3 d5 4. Nc3 Be7 5. Bg5 h6 6. Bh4 dxc4 7. Qa4+ c6 8. Qxc4 b5 9. Qd3 b4 10. Bxf6 Bxf6 11. Ne4 O-O 12. e3 Ba6 13. Qc2 Bxf1 14. Kxf1 a5 15. Ke2 a4 16. Rhd1 Be7 17. Rac1 Qd5 18. b3 axb3 19. axb3 Qb5+ 20. Qd3 Qxd3+ 21. Rxd3 Ra2+ 22. Rd2 Ra3 23. Rb2 f6 24. Ng3 Rd8 25. Nd2 Rd7 26. Nge4 Rda7 27. Nc4 R3a6 28. Rbc2 Ra1 29.
Rxa1 Rxa1 30. Nb2 Ra3 31. Nd2 Ra7 32. Na4 Kf7 33. Kd3 g5 34. g4 Kg6 35. h3 Bd6 36. Ne4 Be7 37. Rc4 Rb7 38. Nec5 Bxc5 39. Nxc5 Ra7 40. Nxe6 Rb7 41. Nc5 Rb5 42. Rc1 Ra5 43.
Rc4 Rb5 44. Rc2 Ra5 45. Kc4 f5 46. Kxb4 Rb5+ 47. Kc4 Ra5 48. gxf5+ Kxf5 49. e4+ Kf6 50. f4 gxf4 51. Rf2 Kg5 52. Ne6+ Kh4 53. Rxf4+ Kg3 54.
Rf6 h5 55. b4 Ra3 56. Ng5 Nd7 57. Rxc6 Kf4 58. h4 Ke3 59. e5 Kd2 60. Rd6 Nf8 61. Kb5 Re3 62. e6 Kc3 63. d5 Ng6 64. Rc6+ Kd4 65. d6 Re5+ 66. Rc5 Re1 67. d7 1-0

[Event "Early-Titled-Tuesday-Blitz-June-18-2024"]
[Site "Chess.com"]
[Date "2024.06.18"]
[Round "5"]
[White "rupeshjswl7"]
[Black "annasargsyan_m"]
[Result "0-1"]
[WhiteElo "2408"]
[BlackElo "2607"]
[TimeControl "180+1"]
[EndTime "8:59:21 PDT"]
[Termination "annasargsyan_m won by resignation"]

1. e4 c6 2. d4 d5 3. e5 c5 4. dxc5 Nc6 5. f4 Bf5 6. Nf3 e6 7. Be3 Bg4 8. c3 Nge7 9. Be2 Nf5 10. Bf2 Bxf3 11. Bxf3 g5 12. g4 Nfe7 13. Bg3 gxf4 14. Bxf4 Ng6 15. Bg3 Bxc5 16. Qe2 Qg5 17. Nd2 Ngxe5 18.
O-O-O Be3 19. h4 Bxd2+ 20. Rxd2 Qf6 21. Rf1 Nxf3 22. Rxf3 Qe7 23. Rxd5 Rg8 24. Rd2 Rxg4 25. Rfd3 h5 26. Qf2 Rc8 27. Rd7 Qxd7 28. Rxd7 Kxd7 29. Qxf7+ Ne7 30. Be5 Re8 31. Qxh5 Rg1+ 32. Kc2 Nd5 33. Qh7+ Re7 34. Qd3 Rg2+ 35. Kb3 Ke8 36. h5 Rg5 37. Bd4 Rf7 38. h6 Rh5 39. Qg6 Rh2 40. Bc5 Nf6 41. Bd4 Nd5 42. Bg7 Ne7 43. Qxe6 Rf5 44. h7 Rxh7 45.
Bf6 Rxf6 46. Qxf6 Rf7 47. Qe5 Kf8 48. Qb8+ Kg7 49. Qxb7 Nf5 50. Qg2+ Kf6 51. c4 Re7 52. Kc3 Re3+ 53. Kb4 Re6 54. Qd5 Ne3 55. Qd4+ Ke7 56. b3 Nc2+ 57. Kc3 Nxd4 58. Kxd4 Kd6 59. c5+ Kc6 60.
b4 Re7 61. a4 Rh7 62. Kc4 Rh4+ 63. Kc3 Kd5 0-1

[Event "Early-Titled-Tuesday-Blitz-June-18-2024"]
[Site "Chess.com"]
[Date "2024.06.18"]
[Round "5"]
[White "gpsji27"]
[Black "MKlose11"]
[Result "0-1"]
[WhiteElo "2329"]
[BlackElo "2567"]
[TimeControl "180+1"]
[EndTime "8:59:21 PDT"]
[Termination "MKlose11 won by resignation"]

1. d4 Nf6 2. Nf3 g6 3. Bg5 Bg7 4. c4 O-O 5. Nc3 d5 6. e3 c6 7. Be2 dxc4 8. Bxc4 Nbd7 9. O-O Nb6 10. Bb3 Nfd5 11.
Rc1 Be6 12. e4 Nxc3 13. bxc3 Bxb3 14. axb3 Qd7 15. c4 e6 16. Qd3 Nc8 17. Rfd1 Ne7 18.
e5 h6 19. Bxe7 Qxe7 20. Nd2 f5 21. c5 Rad8 22. Nc4 Rd5 23. Qc3 a6 24. Nd6 g5 25.
Qb4 Rb8 26. Ra1 Qc7 27. g3 Bf8 28. Nc4 Rbd8 29. Nb6 Be7 30. Nxd5 Rxd5 31. Qe1 Qd7 32. b4 Kf7 33. Kg2 Ke8 34. Qc3 Kd8 35. Re1 Rxd4 36. Qxd4 Qxd4 37. Rad1 Qd5+ 38. Rxd5+ cxd5 39. Rb1 Kc7 40. Kf3 g4+ 41. Ke3 Kc6 42. Kd4 Kb5 43.
Kc3 Bf8 44. Re1 Bg7 45. Re3 h5 46. Re2 Bh6 47. Kd4 Bc1 48. Rc2 Ba3 49. c6 bxc6 50.
Rc5+ Kb6 51. Kc3 Bc1 52. Kd3 Bh6 53. Rc2 Bf8 54. Kd4 Bxb4 55. Rb2 a5 56. Ke3 Kb5 57. Kf4 a4 58. Kg5 a3 59. Ra2 Ka4 60. Kf6 Kb3 61.
Ra1 Kb2 62. Rd1 a2 63. Kxe6 a1=Q 64. Rxa1 Kxa1 65. Kxf5 Kb2 66. e6 d4 67. Ke4 Kc3 0-1